Map: [ESL] Data-C

Players

Zain - Winner!

  • Race: Protoss Protoss
  • Spawn Location: 3:00

Aristori

  • Race: Zerg Zerg
  • Spawn Location: 9:00

Event: DreamHack SC2 Masters 2022 Valencia

VOD

Have the link to the VOD?

Description

Time

  • Played on: July 1, 2022, 2:17 p.m.
  • Length: 19:50

All games in this series

Show
View Real Time Build Order
Export as new Build Order

Zain Protoss - Winner!

Build Orders: 1 Gate Expand, Oracle Opening 

Get SALT Encoding   

  12  0:00  Probe  
  13  0:12  Probe  
  14  0:20  Pylon  
  14  0:24  Probe  
  15  0:38  Probe (Chrono Boost)  
  15  0:40  Gateway  
  16  0:47  Probe (Chrono Boost), Assimilator  
  17  0:52  Probe  
  18  1:05  Probe  
  19  1:17  Probe  
  20  1:23  Nexus  
  20  1:33  Cybernetics Core  
  20  1:36  Probe  
  21  1:44  Assimilator  
  21  1:48  Probe  
  21  1:52  Pylon  
  22  2:00  Probe  
  23  2:08  Adept (Chrono Boost)  
  23  2:12  Probe  
  26  2:21  Stargate  
  26  2:25  Probe (Chrono Boost)  
  26  2:28  Adept (Chrono Boost)  
  27  2:36  Warp Gate, Probe (Chrono Boost)  
  31  2:43  Probe (Chrono Boost)  
  31  2:45  Probe (Chrono Boost)  
  31  2:50  Stalker, Probe x2 (Chrono Boost)  
  36  3:01  Probe  
  36  3:02  Pylon, Probe  
  38  3:10  Oracle (Chrono Boost)  
  38  3:13  Probe  
  38  3:14  Probe  
  43  3:25  Probe  
  42  3:33  Probe  
  41  3:37  Oracle (Chrono Boost), Probe  
  41  3:39  Gateway  
  45  3:47  Nexus, Probe  
  46  3:50  Pylon  
  46  3:52  Probe  
  47  3:59  Probe  
  47  4:00  Twilight Council  
  48  4:04  Probe  
  49  4:11  Probe  
  49  4:16  Probe  
  51  4:17  Forge  
  51  4:21  Assimilator  
  51  4:22  Assimilator  
  51  4:23  Probe  
  52  4:24  Stalker  
  52  4:29  Probe  
  52  4:30  Pylon  
  55  4:36  Adept, Probe  
  55  4:37  Blink (Chrono Boost)  
  56  4:39  Protoss Ground Weapons Level 1 (Chrono Boost)  
  56  4:41  Probe  
  57  4:48  Probe  
  58  4:53  Probe  
  59  5:00  Probe  
  59  5:03  Stalker, Probe  
  59  5:05  Probe  
  59  5:06  Pylon  
  64  5:09  Stalker  
  64  5:12  Probe  
  67  5:17  Probe  
  67  5:18  Pylon  
  68  5:22  Probe  
  68  5:24  Probe  
  68  5:27  Stalker  
  72  5:30  Pylon  
  72  5:33  Gateway  
  72  5:35  Gateway  
  72  5:36  Probe, Gateway  
  72  5:38  Robotics Facility  
  72  5:39  Probe  
  74  5:45  Stalker  
  74  5:47  Probe  
  77  5:50  Gateway  
  77  5:51  Gateway  
  77  5:54  Gateway  
  77  5:55  Pylon  
  77  5:57  Probe  
  77  5:58  Stalker  
  77  6:02  Probe  
  77  6:03  Probe  
  82  6:10  Probe  
  83  6:14  Probe  
  83  6:16  Oracle  
  87  6:20  Nexus  
  87  6:21  Charge (Chrono Boost), Pylon, Probe  
  87  6:24  Stalker x2  
  92  6:30  Probe  
  93  6:33  Stalker x2  
  97  6:42  Zealot  
  93  6:53  Probe  
  94  6:55  Probe  
  94  6:58  Stalker x7  
  94  7:01  Observer (Chrono Boost)  
  109  7:05  Pylon  
  109  7:06  Pylon, Probe  
  109  7:07  Probe  
  111  7:08  Photon Cannon  
  111  7:12  Probe, Shield Battery  
  111  7:14  Protoss Ground Weapons Level 2 (Chrono Boost)  
  112  7:18  Probe  
  113  7:27  Probe  
  112  7:39  Zealot x4  
  112  7:40  Zealot x4  
  128  7:49  Probe  
  129  7:56  Warp Prism (Chrono Boost)  
  129  8:04  Probe, Gateway  
  132  8:07  Gateway  
  132  8:08  Probe x2, Gateway  
  132  8:11  Probe  
  132  8:12  Gateway  
  135  8:15  Nexus  
  135  8:16  Pylon  
  135  8:17  Probe  
  136  8:21  Stalker x7  
  148  8:34  Probe  
  145  8:48  Zealot x5  
  155  8:53  Pylon  
  155  8:55  Pylon, Probe x2  
  150  8:58  Pylon  
  150  9:00  Pylon, Probe x2  
  150  9:02  Pylon  
  136  9:05  Pylon  
  136  9:07  Probe x2  
  136  9:08  Zealot x9  
  152  9:12  Probe  
  152  9:17  Probe  
  152  9:19  Probe, Zealot x2  
  152  9:20  Probe  
  153  9:24  Probe  
  153  9:28  Protoss Ground Armor Level 1 (Chrono Boost)  
  153  9:29  Photon Cannon, Probe  
  139  9:31  Probe  
  139  9:34  Zealot x3  
  146  9:40  Probe x3  
  146  9:41  Probe  
  146  9:43  Probe  
  121  10:08  Zealot x2  
  121  10:09  Zealot x10  
  115  10:22  Probe x2  
  115  10:23  Probe x3  
  114  10:29  Stalker x10  
  114  10:33  Oracle (Chrono Boost)  
  119  10:35  Probe  
  119  10:36  Probe  
  119  10:41  Zealot x2  
  123  10:52  Stalker x7  
  133  11:07  Oracle (Chrono Boost)  
  136  11:27  Zealot x3  
  136  11:28  Zealot x7  
  156  11:33  Photon Cannon  
  156  11:34  Shield Battery  
  156  11:35  Zealot x2  
  156  11:36  Shield Battery  
  156  11:37  Pylon, Oracle  
  156  11:39  Pylon  
  144  11:49  Stalker x8  
  144  11:50  Stalker x2  
  132  12:07  Stalker x2  
  130  12:15  Zealot x9  
  125  12:19  Probe x3  
  125  12:21  Probe  
  108  12:31  Probe x2  
  108  12:32  Probe  
  108  12:33  Probe  
  108  12:41  Zealot x2  
  112  12:45  Nexus, Zealot  
  112  12:46  Pylon  
  112  12:50  Probe  
  104  12:56  Probe x2  
  105  12:58  Probe  
  105  13:03  Pylon  
  105  13:04  Zealot x4  
  113  13:14  Templar Archives  
  113  13:15  Probe x2  
  113  13:16  Probe x2  
  117  13:31  Stalker x6  
  117  13:32  Probe  
  130  13:35  Protoss Ground Weapons Level 3 (Chrono Boost)  
  126  13:44  Zealot  
  126  13:45  Zealot x5  
  134  13:56  Probe x2  
  134  13:57  Probe  
  137  14:07  High Templar  
  137  14:08  High Templar x5  
  149  14:10  Stalker x4  
  149  14:12  Probe  
  149  14:13  Probe  
  149  14:14  Archon  
  149  14:15  Archon x2  
  159  14:30  Probe  
  148  14:41  Zealot x10  
  148  14:42  Zealot x2  
  148  14:43  Probe  
  163  15:03  Zealot x4  
  163  15:04  Zealot x8  
  160  15:09  Probe x4  
  123  15:24  Zealot x9  
  131  15:33  Probe x3  
  134  15:42  High Templar x3  
  140  15:47  Nexus  
  140  15:49  Pylon  
  140  15:52  Archon  
  140  15:58  High Templar  
  140  15:59  Zealot x4  
  140  16:00  Zealot x3  
  140  16:03  Archon  
  156  16:07  Zealot  
  158  16:15  Stalker x2  
  158  16:16  Stalker  
  162  16:22  Protoss Shields Level 1 (Chrono Boost)  
  162  16:23  Stalker x3  
  162  16:24  Stalker x4  
  176  16:30  Probe x2  
  176  16:31  Probe  
  176  16:32  Probe  
  178  16:45  Zealot x2  
  178  16:46  Zealot x3  
  180  16:50  Zealot x4  
  175  16:57  Probe x3  
  175  17:02  Photon Cannon  
  175  17:05  Shield Battery  
  165  17:18  Zealot x11  
  176  17:40  Nexus, Pylon  
  176  17:42  Zealot x8  
  176  17:43  Zealot x3  
  178  17:44  Zealot  
  172  17:56  Pylon  
  156  18:03  Zealot x5  
  156  18:05  Probe  
  165  18:10  Probe x3  
  165  18:15  Probe x2  
  165  18:19  Stalker x3  
  173  18:20  Stalker x4  
  173  18:21  Probe  
  170  18:33  Probe  
  168  18:37  Probe x2  
  170  18:42  High Templar  
  170  18:43  Photon Cannon, Zealot  
  170  18:44  High Templar, Zealot x3  
  170  18:45  Zealot  
  170  18:46  Shield Battery  
  184  18:51  Archon  
  178  19:08  Zealot x2, Assimilator  
  178  19:09  Zealot x7  
  196  19:12  Assimilator  
  158  19:33  Stalker x2  
  158  19:34  Zealot x10  
  158  19:37  Unknown  
  168  19:45  Assimilator  
  168  19:47  Assimilator  
Show
View Real Time Build Order
Export as new Build Order

Aristori Zerg 

Build Orders: Hatch First 

Get SALT Encoding   

  12  0:00  Drone  
  13  0:12  Overlord  
  13  0:16  Drone  
  14  0:30  Drone x2  
  16  0:48  Hatchery  
  15  0:51  Drone  
  15  0:55  Drone  
  17  0:58  Drone  
  18  1:09  Extractor  
  17  1:13  Spawning Pool  
  17  1:17  Drone  
  17  1:20  Drone  
  18  1:27  Drone  
  19  1:39  Drone  
  20  1:49  Overlord  
  20  2:00  Queen x2  
  24  2:01  Zergling x2  
  24  2:02  Zergling x2  
  26  2:11  Drone x2  
  28  2:16  Metabolic Boost  
  28  2:24  Drone  
  28  2:25  Drone  
  30  2:37  Hatchery  
  30  2:42  Queen  
  31  2:52  Overlord  
  31  2:54  Zergling x4  
  31  2:58  Overlord  
  33  2:59  Drone  
  33  3:02  Drone  
  35  3:08  Drone  
  36  3:16  Drone  
  36  3:17  Drone x3  
  38  3:27  Drone  
  38  3:28  Drone  
  38  3:29  Spore Crawler  
  38  3:33  Queen  
  41  3:36  Spore Crawler, Queen  
  41  3:38  Drone  
  43  3:44  Zergling x6  
  46  3:48  Overlord  
  46  3:54  Drone x2  
  48  3:58  Drone x3  
  51  4:05  Queen  
  51  4:07  Drone  
  51  4:08  Drone x3  
  57  4:18  Overlord  
  57  4:20  Drone x2  
  57  4:21  Drone x3  
  62  4:28  Drone  
  62  4:29  Drone x2  
  62  4:39  Drone x4  
  62  4:40  Roach Warren, Drone  
  65  4:48  Spore Crawler  
  65  4:50  Drone x2  
  65  4:51  Drone  
  65  4:55  Spore Crawler  
  64  5:03  Drone x6  
  64  5:05  Hatchery  
  69  5:11  Extractor, Lair  
  69  5:13  Extractor  
  67  5:18  Evolution Chamber, Zergling x10  
  67  5:20  Drone x2  
  73  5:23  Overlord x2  
  73  5:31  Overlord  
  73  5:32  Overlord x2  
  73  5:42  Overlord x2  
  73  5:45  Overlord  
  73  5:46  Drone  
  73  5:47  Drone x4  
  78  5:50  Zerg Missile Weapons Level 1  
  78  5:52  Extractor  
  78  5:54  Extractor  
  76  5:58  Drone  
  76  5:59  Drone x4  
  76  6:03  Overlord  
  81  6:05  Zergling x2  
  81  6:06  Zergling x6  
  81  6:10  Zergling x8  
  89  6:11  Glial Reconstitution  
  89  6:14  Spine Crawler  
  89  6:16  Roach  
  89  6:17  Roach  
  92  6:19  Queen  
  92  6:22  Roach x4  
  102  6:30  Roach x3  
  102  6:31  Roach x2  
  112  6:33  Roach  
  112  6:34  Roach  
  118  6:40  Roach x4  
  119  6:49  Zergling x10  
  120  6:55  Ravager  
  120  6:56  Ravager, Zergling x2  
  120  6:57  Zergling x10  
  127  7:13  Roach  
  127  7:14  Roach x7  
  126  7:33  Roach x10  
  141  7:40  Ravager, Zergling x2  
  141  7:41  Zergling x14  
  149  7:48  Zerg Melee Weapons Level 1  
  148  7:54  Roach x2  
  148  7:55  Overlord x2  
  148  8:02  Overlord x2  
  148  8:03  Zergling x8  
  150  8:09  Drone x2  
  150  8:12  Overlord x2  
  148  8:24  Ravager x6  
  152  8:30  Zergling x8  
  152  8:31  Zergling x20  
  165  8:40  Zergling x10  
  168  8:53  Roach x9  
  164  9:12  Roach x13  
  163  9:26  Drone x10  
  164  9:38  Roach  
  164  9:39  Roach x5  
  174  9:49  Roach x6  
  174  9:51  Ravager x3  
  166  10:10  Zergling x2  
  166  10:11  Zergling x26  
  173  10:16  Queen x2  
  172  10:26  Drone  
  172  10:27  Drone x7  
  169  10:43  Spore Crawler, Extractor  
  169  10:44  Roach x4, Extractor  
  174  10:51  Hatchery  
  173  10:58  Roach  
  173  10:59  Roach x8  
  189  11:06  Zergling x10  
  189  11:10  Overlord  
  193  11:18  Overlord x2  
  192  11:43  Zergling x12, Hatchery  
  192  11:44  Zergling x14  
  163  12:13  Zergling x12  
  163  12:14  Zergling x10  
  147  12:25  Roach x3  
  147  12:26  Roach x5  
  129  12:40  Roach x3  
  120  12:53  Roach x7  
  120  12:56  Queen  
  120  12:57  Roach, Queen  
  120  12:58  Queen x2  
  140  13:00  Ravager x5  
  143  13:06  Roach x2  
  143  13:07  Roach x4  
  143  13:11  Hydralisk Den  
  154  13:15  Zergling x6  
  155  13:33  Queen x2  
  148  13:47  Queen, Hydralisk x7  
  148  13:48  Hydralisk x6  
  168  13:50  Muscular Augments  
  166  14:02  Hydralisk x6  
  154  14:08  Hydralisk  
  154  14:09  Hydralisk x3  
  170  14:10  Hatchery  
  170  14:13  Zergling x2  
  170  14:14  Zergling x8  
  160  14:36  Zergling x2  
  160  14:37  Zergling x26  
  169  14:52  Roach x4  
  170  15:01  Grooved Spines  
  170  15:04  Roach  
  170  15:05  Roach x8  
  158  15:12  Hydralisk x4  
  113  15:24  Roach  
  113  15:25  Roach x5  
  105  15:36  Roach  
  105  15:37  Roach x5  
  105  15:38  Ravager  
  105  15:39  Ravager x3  
  105  15:41  Drone  
  105  15:42  Drone  
  123  15:43  Drone x2  
  123  15:45  Queen  
  127  15:51  Roach x8  
  143  15:59  Roach x4  
  151  16:04  Zergling x10  
  156  16:14  Overseer  
  156  16:16  Roach x5  
  166  16:21  Drone x4  
  168  16:33  Hydralisk x4  
  150  16:48  Roach  
  150  16:49  Roach x6  
  144  17:01  Hydralisk  
  144  17:02  Hydralisk  
  144  17:04  Zergling x26  
  153  17:13  Drone x7  
  158  17:28  Hydralisk  
  158  17:29  Hydralisk x4  
  162  17:39  Roach x3  
  162  17:40  Roach x3  
  151  17:46  Zergling x2  
  151  17:47  Zergling x8  
  138  18:09  Hatchery  
  134  18:14  Ravager x2  
  122  18:29  Roach  
  122  18:30  Roach x4  
  126  18:42  Zergling x2  
  126  18:43  Zergling x2  
  125  19:04  Roach x4  

Tags
 
Add a new tag
Caveats
  • Supply blocks, unpowered buildings, or Contaminate may cause inaccurate times.
  • Supply counts are checked every 10 seconds.